 Dungeon Crawl Stone Soup version 0.23-a0-395-gcf17ac6 (webtiles) character file.

32951 Cryolive the Geomancer (level 13, -1/78 HPs)
             Began as a Gargoyle Earth Elementalist on Nov 1, 2018.
             Was an Elder of Vehumet.
             Slain by an entropy weaver (12 damage)
             ... on level 6 of the Lair of Beasts.
             The game lasted 01:08:53 (23485 turns).

Cryolive the Geomancer (GrEE)                      Turns: 23485, Time: 01:08:54

Health: -1/78      AC: -9    Str: 13    XL:     13   Next: 67%
Magic:  1/25       EV: 14    Int: 20    God:    Vehumet [****..]
Gold:   748        SH:  4    Dex: 10    Spells: 12/28 levels left

rFire    + . .     SeeInvis .   O - staff of earth
rCold    + . .     Gourm    .   a - +0 buckler
rNeg     + + .     Faith    .   U - +2 robe {rN+}
rPois    ∞         Spirit   .   (no helmet)
rElec    +         Reflect  .   w - scarf {rC+ rF+}
rCorr    .         Harm     .   (no gloves)
MR       .....                  (no boots)
Stlth    ++........             Q - amulet of regeneration
HPRegen  0.63/turn              (no ring)
MPRegen  0.19/turn              (no ring)

@: corroded
A: negative energy resistance 1, electricity resistance, unbreathing,
petrification resistance, rot immunity, AC +9
a: Renounce Religion


You were on level 6 of the Lair of Beasts.
You worshipped Vehumet.
Vehumet was greatly pleased with you.
You were hungry.

You visited 3 branches of the dungeon, and saw 18 of its levels.
You also visited: Ossuary.

You collected 748 gold pieces.

Inventory:

Hand Weapons
 c - the +6 rapier of Ygiog {pierce, Fragile rElec rPois Int+5, unknown}
   (You found it on level 3 of the Lair of Beasts)

   It inflicts extra damage upon your enemies.
   It affects your intelligence (+5).
   It insulates you from electricity.
   It protects you from poison.
   It will be destroyed if unequipped.
Missiles
 b - 92 stones
 D - 7 curare-tipped needles (quivered)
Armour
 a - a +0 buckler (worn)
 w - a scarf of resistance (worn)
 U - a +2 robe of positive energy (worn)
Magical Staves
 O - an uncursed staff of earth (weapon)
 R - an uncursed staff of power
Jewellery
 h - an uncursed ring of protection from fire {unknown}
 J - an uncursed ring of ice
 Q - an amulet of regeneration (around neck)
 S - a +2 amulet of reflection
Wands
 f - a wand of random effects (15)
 i - a wand of paralysis (8)
 j - a wand of polymorph (8)
 W - a wand of flame (29)
 X - a wand of iceblast (15)
Scrolls
 e - 4 scrolls of magic mapping
 g - 3 scrolls of teleportation
 l - 3 scrolls of fear
 o - a scroll of identify
 p - a scroll of remove curse
 E - 3 scrolls of amnesia
 F - 2 scrolls of enchant armour {unknown}
 G - 2 scrolls of blinking {unknown}
 K - 4 scrolls of fog
Potions
 k - 9 potions of curing
 m - 2 potions of resistance
 n - a potion of haste
 x - 3 potions of heal wounds
 M - a potion of invisibility
 V - a potion of mutation
Comestibles
 d - 27 rations


   Skills:
 + Level 8.3 Fighting
 + Level 6.3 Staves
 - Level 6.0 Armour
 + Level 6.5 Dodging
 - Level 2.1 Stealth
 - Level 4.0 Shields
 + Level 8.3 Spellcasting
 + Level 8.1 Conjurations
   Level 0.7 Transmutations
 * Level 9.9 Fire Magic
 + Level 10.8 Earth Magic
 + Level 5.3 Evocations


You had 12 spell levels left.
You knew the following spells:

 Your Spells              Type           Power        Failure   Level  Hunger
a - Sandblast             Erth           ######       1%          1    None
b - Stone Arrow           Conj/Erth      ######       1%          3    None
c - Lee's Rapid Deconstr  Erth           ######....   1%          5    #####..
d - Conjure Flame         Conj/Fire      #####...     1%          3    None
e - Sticky Flame          Conj/Fire      #####...     1%          4    ###....

Your spell library contained the following spells:

 Spells                   Type           Power        Failure   Level  Hunger
 Yara's Violent Unravell  Hex/Tmut       #.........   43%         5    #####..
 Magic Dart               Conj           ####         1%          1    None
 Shock                    Conj/Air       ###.         1%          1    None
 Sting                    Conj/Pois      ###.         1%          1    None
 Passwall                 Tmut/Erth      #####...     1%          2    None
 Static Discharge         Conj/Air       ###.....     1%          3    None
 Mephitic Cloud           Conj/Pois/Air  ###.....     2%          3    None
 Petrify                  Tmut/Erth      #####...     8%          4    ###....
 Animate Skeleton         Necr           N/A          9%          1    None
 Pain                     Necr           #...         9%          1    None
 Lightning Bolt           Conj/Air       ###.......   11%         5    #####..
 Venom Bolt               Conj/Pois      ###.......   11%         5    #####..
 Blink                    Tloc           N/A          12%         2    None
 Call Imp                 Summ           #.......     12%         2    None
 Poisonous Vapours        Pois/Air       #.....       12%         2    None
 Slow                     Hex            #.......     12%         2    None
 Swiftness                Chrm/Air       #.......     12%         2    None
 Airstrike                Air            #.........   21%         4    ###....
 Olgreb's Toxic Radiance  Pois           #.......     21%         4    ###....
 Regeneration             Chrm/Necr      #.........   24%         3    None
 Vampiric Draining        Necr           #.........   24%         3    None
 Animate Dead             Necr           N/A          63%         4    ###....


Dungeon Overview and Level Annotations

Branches:
Dungeon (11/15)            Temple (1/1) D:4            Lair (6/6) D:9
 Shoals (0/4) Lair:4        Snake (0/4) Lair:3        Slime (0/5) Lair:6
    Orc: D:9-12

Altars:
Ashenzari
Cheibriados
Dithmenos
Elyvilon
Fedhas
Gozag
Hepliaklqana
Kikubaaqudgha
Makhleb
Nemelex Xobeh
Okawaru
Qazlal
Ru
Sif Muna
Trog
Uskayaw
Vehumet
Wu Jian
Xom
Yredelemnul
Zin
The Shining One
Jiyva

Shops:
D:5 *   D:7 }

Annotations:
D:10 2 transporters, Matudinoluver's ghost, novice DrBe
Lair:1 exclusion: oklob plant


Innate Abilities, Weirdness & Mutations

You are resistant to torment.
Your stone body is resilient. (AC +9)
You are immune to poison.
You resist negative energy. (rN+)
You are resistant to electric shocks. (rElec)
You can survive without breathing.
You are immune to petrification.
You are immune to rotting.


Message History

Confirm with . or Enter, or press ? or * to list all spells.
Aiming: Stone Arrow (safe; 1% risk of failure)
Press: ? - help, Shift-Dir - straight line, f/p - entropy weaver
Aim: an entropy weaver (heavily wounded)
You feel a surge of power!
The stone arrow hits the entropy weaver.
The entropy weaver is heavily wounded.
The entropy weaver gestures wildly while chanting.
The entropic weave corrodes you!
You feel better. The entropy weaver misses you. The entropy weaver hits you!
The entropy weaver misses you. The entropy weaver barely misses you.
The soldier ant barely misses you.
You feel much better. The entropy weaver hits you. The entropy weaver hits you!
The entropy weaver hits you. The entropy weaver hits you!
* * * LOW HITPOINT WARNING * * *
The soldier ant completely misses you.
You feel much better. The entropy weaver hits you! x2
* * * LOW HITPOINT WARNING * * *
The entropy weaver hits you!
You die...

##................#......#
#......P........###..#.###
###.............#...####
##............#..#######
#........#####..##.##.#
#.........####..#.#...#
##...................##
#...#.#..............#
##...###.@..P.###P#.##
#P...#.#aa.### #####
#PP.####.P.# #PP...#...##
#..........# ###
#.........## ..#
##...[.....## .##
##..........)# .###
#..#.........#


You could see an entropy weaver and a soldier ant.

Vanquished Creatures
  Nessos (Lair:5)
  3 hydras
  A queen ant (Lair:6)
  Urug (Lair:4)
  A death yak (Lair:5)
  Sonja (Lair:4)
  A manticore (Lair:4)
  6 elephants
  A black mamba (Lair:1)
  4 torpor snails (Lair:4)
  2 spiny frogs
  7 komodo dragons
  2 rime drakes
  A freezing wraith (D:10)
  A troll (D:9)
  A queen bee (Lair:3)
  A hornet (D:8)
  10 hippogriffs
  23 blink frogs
  7 dream sheep (Lair:6)
  2 wyverns
  A vampire (D:11)
  A basilisk (Lair:3)
  16 yaks
  2 steam dragons
  2 hungry ghosts
  Duvessa (D:4)
  9 water moccasins
  3 soldier ants
  9 porcupines
  An orc warrior (D:8)
  3 phantoms
  2 sky beasts
  5 ogres
  3 centaurs
  13 crocodiles
  A big kobold (D:8)
  14 bullfrogs
  Dowan (D:4)
  A scorpion (D:5)
  30 killer bees
  3 wights (D:10)
  2 electric eels (Lair:2)
  10 howler monkeys
  7 crimson imps
  2 jellies
  4 hounds
  Crazy Yiuf (D:7)
  3 orc priests
  A centaur skeleton (D:5)
  4 iguanas
  3 orc wizards
  21 worker ants
  A killer bee zombie (D:9)
  2 hound skeletons (D:4)
  13 mummies (Ossuary)
  A howler monkey zombie (D:8)
  21 adders
  3 shadow imps
  4 oozes
  2 adder zombies
  2 adder skeletons
  2 dart slugs (D:2)
  4 leopard geckos
  15 orcs
  6 bats
  7 giant cockroaches
  7 goblins
  3 hobgoblins (D:2)
  11 jackals
  7 quokkas
  3 ball pythons
  2 frilled lizards
  3 gnoll skeletons (Ossuary)
  A goblin skeleton (Ossuary)
  9 kobolds
  3 kobold skeletons (Ossuary)
  An orc skeleton (Ossuary)
  6 rats
  11 rat skeletons (Ossuary)
  A fungus (Lair:5)
407 creatures vanquished.

Vanquished Creatures (others)
  A bush (Lair:6)
  16 fungi
  11 plants
28 creatures vanquished.

Grand Total: 435 creatures vanquished

Notes
Turn   | Place    | Note
-------+----------+-------------------------------------------
     0 | D:1      | Cryolive the Gargoyle Earth Elementalist began the quest
                  | for the Orb.
     0 | D:1      | Reached XP level 1. HP: 10/10 MP: 3/3
     0 | D:1      | Noticed an iron dragon
     0 | D:1      | Noticed an ice dragon
     1 | D:1      | Noticed a tentacled monstrosity
     3 | D:1      | Noticed an orb of fire
     5 | D:1      | Noticed an ice dragon
     6 | D:1      | Noticed a shadow dragon
     8 | D:1      | Noticed a shadow dragon
    10 | D:1      | Noticed a tentacled monstrosity
    10 | D:1      | Noticed an orb of fire
    12 | D:1      | Noticed an ice dragon
    12 | D:1      | Noticed an orb of fire
    13 | D:1      | Noticed an ice dragon
    14 | D:1      | Noticed an iron dragon
    16 | D:1      | Noticed an iron dragon
    16 | D:1      | Noticed a red draconian
    16 | D:1      | Noticed an iron dragon
    18 | D:1      | Noticed a tentacled monstrosity
    33 | D:1      | Noticed a white draconian
   518 | D:1      | Reached XP level 2. HP: 9/15 MP: 5/5
   622 | D:2      | Reached skill level 4 in Earth Magic
   784 | D:2      | Found a deep blue altar of Sif Muna.
  1210 | D:2      | Reached XP level 3. HP: 19/19 MP: 6/6
  1218 | D:2      | Learned a level 3 spell: Stone Arrow
  1243 | D:2      | Found a hazy altar of Hepliaklqana.
  1711 | D:2      | Found a faded altar of an unknown god.
  2030 | D:3      | Reached XP level 4. HP: 7/24 MP: 5/8
  2395 | D:3      | Reached skill level 5 in Earth Magic
  3639 | D:4      | Reached XP level 5. HP: 21/28 MP: 6/10
  3660 | D:4      | Got an ichor-stained leather armour
  3695 | D:4      | Found a sand-covered staircase.
  3700 | Ossuary  | Entered an ossuary
  4237 | Ossuary  | Reached skill level 6 in Earth Magic
  4248 | Ossuary  | Reached XP level 6. HP: 30/32 MP: 2/12
  5119 | D:4      | Reached skill level 1 in Fighting
  5119 | D:4      | Reached skill level 1 in Shields
  5148 | D:4      | Reached skill level 1 in Conjurations
  5154 | D:4      | Reached skill level 1 in Armour
  5236 | D:4      | Found a staircase to the Ecumenical Temple.
  5245 | Temple   | Entered the Ecumenical Temple
  5308 | Temple   | Became a worshipper of Vehumet
  5478 | D:4      | Reached XP level 7. HP: 28/38 MP: 13/13
  5622 | D:4      | Noticed Duvessa
  5746 | D:4      | Got a fine rapier
  5975 | D:4      | Noticed a hippogriff
  6083 | D:4      | Noticed Dowan
  6276 | D:4      | Killed Dowan
  6452 | D:4      | Killed a hippogriff
  6656 | D:4      | Killed Duvessa
  6656 | D:4      | Reached XP level 8. HP: 13/45 MP: 0/15
  6916 | D:5      | Entered Level 5 of the Dungeon
  7445 | D:5      | Found Pehust's Practical Paraphernalia.
  7449 | D:5      | Got a jewelled war axe
  7462 | D:5      | Learned a level 5 spell: Lee's Rapid Deconstruction
  7466 | D:5      | Learned a level 3 spell: Conjure Flame
  7529 | D:5      | Found a white marble altar of Elyvilon.
  7542 | D:5      | Reached skill level 7 in Earth Magic
  7696 | D:5      | Reached skill level 5 in Spellcasting
  8039 | D:6      | Reached skill level 1 in Fire Magic
  8170 | D:6      | Reached * piety under Vehumet
  8170 | D:6      | Offered knowledge of Sting by Vehumet.
  8492 | D:6      | Reached XP level 9. HP: 30/51 MP: 0/16
  8925 | D:6      | Found a sparkling altar of Nemelex Xobeh.
  9089 | D:7      | Found a glowing golden altar of the Shining One.
  9206 | D:7      | Got a pitted short sword
  9876 | D:7      | Found Tiruor's Gadget Emporium.
  9886 | D:7      | Found a glowing silver altar of Zin.
 10075 | D:7      | Found a runed door.
 10217 | D:7      | Noticed Crazy Yiuf
 10219 | D:7      | Killed Crazy Yiuf
 10798 | D:8      | Reached skill level 1 in Staves
 10801 | D:8      | Reached ** piety under Vehumet
 10801 | D:8      | Offered knowledge of Searing Ray by Vehumet.
 10888 | D:8      | Found an opulent altar of Gozag.
 11195 | D:8      | Reached skill level 8 in Earth Magic
 11235 | D:8      | Reached XP level 10. HP: 49/58 MP: 2/18
 11338 | D:8      | Found a snail-covered altar of Cheibriados.
 11750 | D:9      | Offered knowledge of Dazzling Spray by Vehumet.
 11841 | D:9      | Found a staircase to the Lair.
 11841 | D:9      | Noticed an elephant
 12012 | D:9      | Killed an elephant
 12012 | D:9      | Reached skill level 5 in Armour
 12012 | D:9      | Reached skill level 5 in Fire Magic
 12367 | D:9      | Reached skill level 5 in Fighting
 12414 | D:9      | Reached skill level 1 in Evocations
 12455 | D:9      | Reached skill level 5 in Conjurations
 12762 | D:10     | Entered Level 10 of the Dungeon
 12775 | D:10     | Reached *** piety under Vehumet
 13711 | D:10     | Found a transporter.
 13715 | D:10     | Found a transporter.
 13751 | D:10     | Noticed Matudinoluver's ghost (novice DrBe)
 13770 | D:10     | Offered knowledge of Sticky Flame by Vehumet.
 13952 | D:10     | Learned a level 4 spell: Sticky Flame
 14057 | D:11     | Found a glowing silver altar of Zin.
 14061 | D:11     | Reached XP level 11. HP: 55/64 MP: 20/20
 14063 | D:11     | Noticed a death knight
 14231 | Lair:1   | Entered Level 1 of the Lair of Beasts
 14636 | Lair:1   | Noticed an oklob plant
 14639 | Lair:1   | Reached skill level 9 in Earth Magic
 15176 | Lair:1   | Noticed a six-headed hydra
 15197 | Lair:1   | Killed a six-headed hydra
 15361 | Lair:1   | Found the +8 lance "Wyrmbane" {slay drac, rPois rF+ rC+
                  | AC+3}
 15473 | Lair:1   | Reached skill level 5 in Dodging
 15546 | Lair:1   | Reached **** piety under Vehumet
 16391 | Lair:2   | Noticed a six-headed hydra
 16554 | Lair:2   | Killed a six-headed hydra
 16658 | Lair:2   | Reached XP level 12. HP: 71/71 MP: 22/22
 16691 | Lair:2   | Offered knowledge of Inner Flame by Vehumet.
 17622 | Lair:3   | Found a staircase to the Snake Pit.
 18002 | Lair:3   | Got a brightly glowing rapier
 18367 | Lair:3   | Reached skill level 5 in Staves
 18603 | Lair:3   | Reached ***** piety under Vehumet
 18607 | Lair:3   | Offered knowledge of Yara's Violent Unravelling by Vehumet.
 18611 | Lair:3   | Reached skill level 10 in Earth Magic
 19177 | Lair:4   | Found a staircase to the Shoals.
 19262 | Lair:4   | Noticed Sonja
 19265 | Lair:4   | Killed Sonja
 19403 | Lair:4   | Noticed Urug
 20339 | Lair:4   | Found a snail-covered altar of Cheibriados.
 20450 | Lair:4   | Reached XP level 13. HP: 77/77 MP: 7/24
 21063 | Lair:5   | Noticed Nessos
 21171 | Lair:4   | Killed Urug
 21634 | Lair:5   | Killed Nessos
 21634 | Lair:5   | Reached skill level 5 in Evocations
 22567 | Lair:6   | Entered Level 6 of the Lair of Beasts
 22977 | Lair:6   | Found a viscous altar of Jiyva.
 22978 | Lair:6   | Found a staircase to the Slime Pits.
 23424 | Lair:6   | Noticed an entropy weaver
 23485 | Lair:6   | Slain by an entropy weaver

Vault maps used:
D:1:      shiori_arrival_whats_in_store_for_you
D:2:      lemuel_round_altar, overflow_temple_1_default, first_ration,
          chequers_ecumenical_altar_twisty
D:4:      minmay_temple_entry_statues_fountains, enter_ossuary_1,
          serial_park_tiny_2, uniq_duvessa
D:5:      kennysheep_mini_moat, nrook_loot_triangle, nicolae_alphabet_shops
D:6:      nemelex_dance_club_becter
D:7:      zin_treasury, serial_shops, shop, tso_metal_star,
          uniq_crazy_yiuf_cottage
D:8:      overflow_temple_1_default,
          nicolae_gozag_cash_rules_everything_around_me,
          hangedman_pestilent_swarm, wad_floor_pattern_untrapped
D:9:      david_lair_generic, grunt_decor_one_mirror
D:10:     gammafunk_ghost_hive
D:11:     cheibrodos_tormentor_scu, kennysheep_orc_monster_closet_entryway,
          serial_shops, bzr_entry_dummy, basic_altar, uniq_erolcha,
          uniq_maurice, uniq_snorg
Temple:   kb_temple_of_zot
Lair:1:   minmay_lair_oklob_chamber
Lair:2:   serial_bayou_shore_a, lemuel_fruit_fields
Lair:3:   dummy_snake_entry
Lair:4:   minmay_shoals_entry_beasts, chequers_serial_rivers_room_b,
          kennysheep_snail_temple, uniq_urug, uniq_sonja
Lair:5:   uniq_nessos
Lair:6:   due_jungle_book, slime_altar_1, minmay_another_anthill
Ossuary:  ossuary_due_small_catacomb

Skill      XL: |  1  2  3  4  5  6  7  8  9 10 11 12 13 |
---------------+----------------------------------------+-----
Earth Magic    | 4 5 6 7 8 9 10 | 10.8
Spellcasting   | 3 4 5 6 7 8 |  8.3
Fighting       | 1 2 3 4 5 6 7 8 |  8.3
Shields        | 1 2 3 4 |  4.0
Conjurations   | 1 2 3 4 5 6 7 8 |  8.1
Armour         | 1 2 3 4 5 6 |  6.0
Dodging        | 2 3 4 5 6 |  6.5
Fire Magic     | 2 4 6 7 9 |  9.9
Staves         | 1 3 4 5 6 |  6.3
Evocations     | 2 3 4 5 |  5.3
Stealth        | |  2.1
Transmutations | |  0.7

Action                   |  1- 3 |  4- 6 |  7- 9 | 10-12 | 13-15 || total
-------------------------+-------+-------+-------+-------+-------++-------
Melee: Unarmed           |    30 |       |       |       |       ||    30
       Club              |   107 |       |       |       |       ||   107
       Mace              |    25 |    74 |       |       |       ||    99
       Flail             |       |   127 |       |       |       ||   127
       Morningstar       |       |    12 |   183 |       |       ||   195
       Staff             |       |       |    29 |   324 |    34 ||   387
 Cast: Sandblast         |     6 |    41 |    82 |   163 |    56 ||   348
       Stone Arrow       |       |     9 |    53 |   260 |   108 ||   430
       Lee's Rapid Decon |       |       |       |     9 |     3 ||    12
Evoke: Wand              |       |       |       |       |     1 ||     1
  Use: Scroll            |       |     1 |     5 |    20 |     1 ||    27
       Potion            |       |       |       |     1 |     4 ||     5
 Stab: Sleeping          |     6 |     5 |     7 |     1 |       ||    19
  Eat: Chunk             |     3 |     9 |    18 |    30 |     6 ||    66
       Ration            |       |     1 |     1 |     2 |     1 ||     5
Armor: Robe              |    79 |    80 |   112 |   185 |    29 ||   485
Dodge: Dodged            |   176 |   146 |   261 |   336 |    61 ||   980
Block: Buckler           |       |    30 |    73 |    90 |    25 ||   218

Table legend:
 A = Non-vault XP
 B = Vault XP
 C = Vault XP percentage of total XP
 D = Non-vault monster count
 E = Vault monster count
 F = Vault count percentage of total count
                 A         B        C        D         E       F
            +---------+---------+-------+---------+---------+-------
      Total |   35814 |   11260 |  23.9 |     314 |      92 |  22.7
            +---------+---------+-------+---------+---------+-------
        D:1 |      10 |       0 |   0.0 |       6 |       0 |   0.0
        D:2 |      51 |       0 |   0.0 |      25 |       0 |   0.0
        D:3 |     103 |       0 |   0.0 |      25 |       0 |   0.0
        D:4 |     618 |     221 |  26.3 |      19 |       2 |   9.5
        D:5 |     382 |     118 |  23.6 |       8 |       1 |  11.1
        D:6 |     956 |       7 |   0.7 |      24 |       1 |   4.0
        D:7 |     796 |      41 |   4.9 |      16 |       1 |   5.9
        D:8 |    1213 |     478 |  28.3 |      29 |       4 |  12.1
        D:9 |    1769 |     890 |  33.5 |      19 |       4 |  17.4
       D:10 |    2066 |     349 |  14.5 |      33 |       1 |   2.9
       D:11 |     400 |       0 |   0.0 |       2 |       0 |   0.0
     Lair:1 |    5748 |       0 |   0.0 |      22 |       0 |   0.0
     Lair:2 |    3253 |       0 |   0.0 |      13 |       0 |   0.0
     Lair:3 |    5706 |    1807 |  24.1 |      25 |      25 |  50.0
     Lair:4 |    3985 |    4301 |  51.9 |      15 |       8 |  34.8
     Lair:5 |    5140 |    1306 |  20.3 |      22 |       1 |   4.3
     Lair:6 |    3618 |    1490 |  29.2 |      11 |      12 |  52.2
    Ossuary |       0 |     252 | 100.0 |       0 |      32 | 100.0
            +---------+---------+-------+---------+---------+-------
